 Dungeon Sprint DCSS version 0.28-a0-863-g8cecda6153 (webtiles) character file.

Game seed: 15048034475768140901

25 kae the Ruffian (level 2, -3/25 HPs)
             Began as a Draconian Transmuter on Nov 18, 2021.
             Slain by an ogre (16 damage)
             ... in the Dungeon (Sprint I: "Red Sonja").
             The game lasted 00:00:17 (163 turns).

kae the Ruffian (Draconian Transmuter)               Turns: 163, Time: 00:00:18

Health: -3/25      AC:  4    Str: 12    XL:     2   Next: 82%
Magic:  4/5        EV: 12    Int: 13    God:
Gold:   0          SH:  0    Dex: 11    Spells: 5/6 levels left

rFire   . . .      SeeInvis .   a - +1 dagger (venom)
rCold   . . .      Faith    .   (no shield)
rNeg    . . .      Spirit   .   (armour unavailable)
rPois   .          Reflect  .   (helmet currently unavailable)
rElec   .          Harm     .   (no cloak)
rCorr   .          Rampage  .   (no gloves)
Will    .....      NoTele   +   (boots currently unavailable)
Stlth   +.........              (no amulet)
HPRegen 0.08/turn               (no ring)
MPRegen 0.09/turn               (no ring)

@: appendages
A: horns 2, talons 2, AC +4, unfitting armour, cold-blooded
a: End Transformation


You were in the Dungeon.
You had temporarily grown beastly horns and talons.
You visited 1 branch

Inventory:

Hand Weapons
 a - a +1 dagger of venom (weapon)
Scrolls
 f - a scroll of blinking
Potions
 b - a potion of heal wounds
 c - a potion of haste
 d - 2 potions of magic


   Skills:
 + Level 2.4 Fighting
 + Level 2.5 Dodging
 * Level 4.2 Unarmed Combat
 + Level 2.8 Spellcasting
 * Level 3.6 Transmutations


You had 5 spell levels left.
You knew the following spells:

 Your Spells              Type           Power      Damage    Failure   Level
a - Beastly Appendage     Tmut           22%        N/A       5%          1

Your spell library contained the following spells:

 Spells                   Type           Power      Damage    Failure   Level
 Wereblood                Tmut           11%        N/A       9%          2
 Spider Form              Tmut/Pois      6%         N/A       32%         3
 Ice Form                 Ice/Tmut       6%         N/A       73%         4


Dungeon Overview and Level Annotations

Branches:
Dungeon (1/1)

Altars:


Innate Abilities, Weirdness & Mutations

You have temporarily grown beastly horns and talons.
Your plain brown scales are hard. (AC +4)
You cannot fit into any form of body armour.
You are cold-blooded and may be slowed by cold attacks.


Message History

Your Transmutations skill increases to level 3!
You have reached level 2!
Unknown command.
You start resting.
Your transformation is almost over.
You feel sick.
You start resting.
You feel a strong urge to attack something.
You start resting.
You feel sick.
You feel your anger nearly subside.
You are no longer berserk.
You are exhausted.
You feel yourself slow down.
You feel sick.
You start resting.
You feel sick. x2
You are no longer poisoned.
There is an open door, spattered with blood here.
Things that are here:
a +1 dagger of venom; a +0 leather armour
a - a +1 dagger of venom Your horns disappear.
Your talons disappear.
You start resting.
Magic restored.
You feel yourself speed up.
Your +1 dagger of venom begins to drip with poison!
a - a +1 dagger of venom (weapon)
You start resting.
You recover from your berserk rage.
You start resting.
HP restored.
Casting: Beastly Appendage (safe; 5% risk of failure)
Confirm with . or Enter, or press ? or * to list all spells.
You grow a pair of large bovine horns.
Your feet morph into talons.
You open the door.
An ogre comes into view. It is wielding a +0 giant club.
The ogre shouts!
Okay, then.
You barely miss the ogre. The ogre hits you with a +0 giant club!
You hit the ogre but do no damage.
The ogre is poisoned.
The ogre hits you with a +0 giant club!
Ouch! That really hurt!
You die...

##########
#<.#.@O..#
#..[..#..+
#..#### +#
#..# #..#
#..# #⌠⌠#
####


You could see an ogre (very poisoned).

Vanquished Creatures
  Ijyb (D)
1 creature vanquished.

Notes
Turn   | Place    | Note
-------+----------+-------------------------------------------
     0 | D        | kae the Draconian Transmuter began the quest for the Orb.
     0 | D        | Reached XP level 1. HP: 16/16 MP: 3/3
     1 | D        | Noticed Ijyb
     9 | D        | Killed Ijyb
    10 | D        | Reached skill level 4 in Unarmed Combat
    10 | D        | Reached XP level 2. HP: 25/25 MP: 2/5
   160 | D        | Noticed an ogre
   163 | D        | Slain by an ogre

Illustrated notes

Levels and vault maps discovered:
D:        dungeon_sprint_1 [red_sonja_temple_1, red_sonja_temple_small_1]

Skill      XL: |  1 |
---------------+----+-----
Fighting       | 2 |  2.4
Dodging        | 2 |  2.5
Unarmed Combat | 4 |  4.2
Transmutations | 3 |  3.6
Spellcasting   | |  2.8

Action                   || total
-------------------------++-------
Melee: Unarmed           ||     4
       Kick              ||     1
       Tailslap          ||     1
       Dagger            ||     2
 Cast: Beastly Appendage ||     2
  Use: Potion            ||     2
Armor: Skin              ||     1

Table legend: (Time is in decaauts)
 A = Elapsed time spent in this place.
 B = Non-inter-level travel time spent in this place.
 C = Inter-level travel time spent in this place.
 D = Time resting spent in this place.
 E = Time spent auto-exploring this place.
 F = Levels seen in this place.
 G = Mean time per level.
                   A        B        C        D        E       F      G
               +--------+--------+--------+--------+--------+-----+--------+
         Total |    176 |    176 |      0 |    155 |      1 |   1 |  176.0 |
       Dungeon |    176 |    176 |      0 |    155 |      1 |   1 |  176.0 |
               +--------+--------+--------+--------+--------+-----+--------+

Top non-repeatable levels by time:
       D: 176 daAuts
